 Dungeon Crawl Stone Soup version 0.26.1-11-gd32895ea62 (webtiles) character file.

Game seed: 3048939907746941188

9270 Jerry the Basher (level 11, -13/104 (115) HPs)
             Began as a Troll Gladiator on June 7, 2021.
             Was an Initiate of Gozag.
             Killed from afar by a gargoyle (20 damage)
             ... with a stone arrow
             ... on level 10 of the Dungeon.
             The game lasted 00:44:36 (13600 turns).

Jerry the Basher (Troll Gladiator)                 Turns: 13600, Time: 00:44:37

HP:   -13/104 (115) AC:  9    Str: 24    XL:     11   Next: 20%
MP:   10/10         EV: 11    Int: 13    God:    Gozag
Gold: 427           SH:  0    Dex: 11    Spells: 10/10 levels left

rFire    . . .     SeeInvis .   t - +2 whip (elec)
rCold    . . .     Faith    .   (no shield)
rNeg     . . .     Spirit   .   K - +2 robe {Will+}
rPois    .         Reflect  .   c - +1 hat
rElec    .         Harm     .   (no cloak)
rCorr    .         Rampage  .   (gloves unavailable)
Will     +....                  (boots unavailable)
Stlth    +.........             (no amulet)
HPRegen  0.67/turn              a - +6 ring of intelligence
MPRegen  0.12/turn              (no ring)

@: drained
A: large, unfitting armour, claws 3, regeneration 1, shaggy fur 1, tough skin 3
a: Renounce Religion, Potion Petition, Call Merchant, Bribe Branch


You were on level 10 of the Dungeon.
You worshipped Gozag.
Gozag was aware of your devotion.
You visited 2 branches of the dungeon, and saw 11 of its levels.
You also visited: Sewer.

You collected 2054 gold pieces.
You spent 110 gold pieces at shops.
You paid 1517 gold pieces to Gozag.

Inventory:

Hand Weapons
 i - the cursed +2 whip "Lacil" {vorpal, *Drain rElec Str+4}
   (You found it on level 9 of the Dungeon)

   It inflicts extra damage upon your enemies.
   It affects your strength (+4).
   It insulates you from electricity.
   It causes draining when unequipped.
   It has a curse placed upon it.
 n - the +6 spear of Ajomut {freeze, rC+ Dex+2}
   (You took it off a gnoll on level 4 of the Dungeon)

   It has been specially enchanted to freeze those struck by it, causing extra
   injury to most foes and up to half again as much damage against particularly
   susceptible opponents.
   It can also slow down cold-blooded creatures.
   It affects your dexterity (+2).
   It protects you from cold.
 t - a +2 whip of electrocution (weapon)
 u - a +0 vorpal giant spiked club
 F - a +0 whip of venom
Missiles
 e - a throwing net (quivered)
Armour
 c - a +1 hat (worn)
 j - a +0 kite shield
 K - a +2 robe of willpower (worn)
Jewellery
 a - a +6 ring of intelligence (left claw)
 d - the ring of the Original Sin {+Inv rC+ Will+ Str+3 Stlth+, unknown}
   (You found it on level 9 of the Dungeon)

   [ring of stealth]

   It affects your strength (+3).
   It protects you from cold.
   It affects your willpower, your defense against some magical effects.
   It lets you turn invisible.
   It makes you more stealthy.
 C - an uncursed ring of fire
Wands
 o - a wand of paralysis (24)
 p - a wand of acid (10)
 s - a wand of digging (7)
 v - a wand of disintegration (42)
 G - a wand of random effects (2)
Scrolls
 h - 4 scrolls of fog
 k - 4 scrolls of teleportation
 l - a scroll of blinking
 m - a scroll of identify
 y - a scroll of magic mapping
 B - 4 scrolls of remove curse
 J - a scroll of amnesia
Potions
 b - a potion of flight {unknown}
 f - a potion of might {unknown}
 g - a potion of curing
 q - 2 potions of attraction {unknown}
 r - a potion of mutation {unknown}
 x - 3 potions of lignification
 z - a potion of degeneration {unknown}
 A - 2 potions of invisibility {unknown}
Miscellaneous
 w - a condenser vane


   Skills:
 + Level 9.2 Fighting
 + Level 10.3 Maces & Flails
 - Level 1.7 Throwing
 - Level 6.9 Armour
 + Level 3.3 Dodging


You had 10 spell levels left.
You didn't know any spells.
Your spell library contained the following spells:

 Spells                   Type           Power        Failure   Level
 Animate Skeleton         Necr           0%           30%         1
 Apportation              Tloc           0%           30%         1
 Corona                   Hex            0%           30%         1
 Magic Dart               Conj           0%           30%         1
 Summon Small Mammal      Summ           0%           30%         1
 Searing Ray              Conj           0%           43%         2
 Dazzling Flash           Conj/Hex       0%           67%         3
 Fulminant Prism          Conj/Hex       0%           97%         4
 Iskenderun's Mystic Bla  Conj/Tloc      0%           97%         4
 Irradiate                Conj/Tmut      0%           100%        5
 Hydra Form               Tmut           0%           100%        6
 Statue Form              Tmut/Erth      0%           100%        6
 Dragon Form              Tmut           0%           100%        7


Dungeon Overview and Level Annotations

Branches:
Dungeon (10/15)            Temple (1/1) D:4           Sewer (visited)
   Lair: D:8-11         Orc: D:9-12

Altars:
Ashenzari
Cheibriados
Dithmenos
Elyvilon
Fedhas
Gozag
Hepliaklqana
Kikubaaqudgha
Makhleb
Nemelex Xobeh
Okawaru
Qazlal
Ru
Sif Muna
Trog
Uskayaw
Vehumet
Wu Jian
Xom
Yredelemnul
Zin
The Shining One

Shops:
D:9 *   D:10 =


Innate Abilities, Weirdness & Mutations

You are too large for most types of armour.
You have claws for hands.
Your natural rate of healing is unusually fast.
You are covered in fur. (AC +1)
You have extremely tough skin. (AC +3)


Message History

You hit the gargoyle but do no damage.
The gargoyle is moderately damaged.
You hit the gargoyle but do no damage.
The gargoyle is moderately damaged.
The gargoyle hits you with a +0 mace!
* * * LOW HITPOINT WARNING * * *
You hit the gargoyle but do no damage.
The gargoyle is moderately damaged.
You hit the gargoyle.
The gargoyle is heavily damaged.
The gargoyle hits you with a +0 mace!!
* * * LOW HITPOINT WARNING * * *
You hit the gargoyle.
The gargoyle is heavily damaged.
You hit the gargoyle.
The gargoyle is heavily damaged.
The gargoyle hurls a stone arrow at you.
The stone arrow hits you!!
You die...
Your body crumbles into a pile of gold.

#..<....####### ##+###
#####'### ###.# # #...#
.# #.### #######.##
###'#########........#
..........#..........#..
......(...'.#..........#
..........###...@9...#
..........# #........#
..........# #....!?..#
########### ##.#######
#.. ##. #.


You could see a gargoyle.

Vanquished Creatures
  Erica (D:9)
  Maurice (D:9)
  Joseph (D:9)
  Psyche (D:8)
  Grinder (D:6)
  A wraith (D:9)
  5 yaks
  Grum (D:7)
  A water moccasin (D:9)
  Edmund (D:5)
  7 orc warriors
  An eye of draining (D:10)
  3 ogres
  A hornet zombie (D:8)
  7 ice beasts
  2 phantoms
  7 centaurs
  4 wolves
  A big kobold (D:9)
  A gnoll sergeant (D:8)
  3 bullfrogs
  2 wyvern skeletons
  A water moccasin zombie (D:10)
  5 scorpions
  5 killer bees (D:8)
  12 wights
  7 howler monkeys
  A centaur zombie (D:6)
  A jelly (D:7)
  8 hounds
  7 orc priests
  A gnoll shaman (D:6)
  4 iguanas
  12 orc wizards
  4 worker ants
  2 killer bee zombies
  2 hound skeletons
  A worker ant zombie (D:10)
  12 adders
  16 gnolls
  4 shadow imps
  2 white imps
  2 ufetubi
  10 oozes
  An adder zombie (D:7)
  An adder skeleton (D:4)
  A worm (D:2)
  An adder simulacrum (D:8)
  2 dart slugs
  14 leopard geckos
  35 orcs
  14 giant cockroaches
  6 hobgoblins
  17 jackals
  12 kobolds
  3 quokkas
  16 ball pythons
  A ball python skeleton (D:4)
  6 bats
  10 frilled lizards
  8 goblins
  A quokka skeleton (D:9)
  A quokka zombie (D:10)
  6 rats
328 creatures vanquished.

Vanquished Creatures (others)
  An orc wizard (D:5)
  6 plants (D:4)
7 creatures vanquished.

Grand Total: 335 creatures vanquished

Notes
Turn   | Place    | Note
-------+----------+-------------------------------------------
     0 | D:1      | Jerry the Troll Gladiator began the quest for the Orb.
     0 | D:1      | Reached XP level 1. HP: 19/19 MP: 0/0
   114 | D:1      | Reached XP level 2. HP: 28/28 MP: 1/1
   241 | D:1      | Reached skill level 3 in Maces & Flails
   588 | D:1      | Reached XP level 3. HP: 35/35 MP: 2/2
  1196 | D:2      | Reached XP level 4. HP: 39/44 MP: 3/3
  1340 | D:2      | Found a shimmering altar of Xom.
  1558 | D:3      | Found a faded altar of an unknown god.
  1610 | D:3      | Found a glowing drain.
  1627 | Sewer    | Entered a sewer
  1751 | Sewer    | Reached XP level 5. HP: 38/52 MP: 4/4
  1838 | Sewer    | Reached skill level 4 in Maces & Flails
  2302 | D:3      | Reached XP level 6. HP: 60/61 MP: 5/5
  2514 | D:3      | Found a hide-covered altar of Uskayaw.
  2693 | D:4      | Found a staircase to the Ecumenical Temple.
  2833 | D:3      | Reached skill level 5 in Maces & Flails
  2867 | Temple   | Entered the Ecumenical Temple
  2932 | Temple   | Became a worshipper of Gozag Ym Sagoz the Greedy
  3049 | D:4      | Reached XP level 7. HP: 71/71 MP: 6/6
  3274 | D:4      | Identified the +6 spear of Ajomut {freeze, rC+ Dex+2}
  3454 | D:4      | Found an iron altar of Okawaru.
  4008 | D:5      | Entered Level 5 of the Dungeon
  4031 | D:5      | Reached skill level 5 in Fighting
  4079 | D:5      | Reached skill level 6 in Maces & Flails
  4105 | D:5      | Noticed Edmund
  4120 | D:5      | Killed Edmund
  4243 | D:5      | Found a white marble altar of Elyvilon.
  4376 | D:5      | Reached XP level 8. HP: 81/81 MP: 7/7
  4626 | D:5      | Found a hazy altar of Hepliaklqana.
  5300 | D:6      | Reached skill level 1 in Armour
  5410 | D:6      | Reached skill level 7 in Maces & Flails
  6115 | D:6      | Noticed Grinder
  6129 | D:6      | Paralysed by Grinder for 4 turns
  6132 | D:6      | Killed Grinder
  6133 | D:6      | Reached XP level 9. HP: 64/92 MP: 8/8
  7316 | D:6      | Reached skill level 8 in Maces & Flails
  8804 | D:8      | Noticed Grum
  9479 | D:8      | Noticed Psyche
  9489 | D:8      | Reached XP level 10. HP: 99/104 MP: 9/9
  9496 | D:8      | Reached skill level 5 in Armour
  9628 | D:8      | Killed Psyche
  9629 | D:8      | Reached skill level 9 in Maces & Flails
  9916 | D:7      | Killed Grum
 10894 | D:9      | Noticed Erica
 11030 | D:9      | Killed Erica
 11092 | D:9      | Got a buzzing whip
 11093 | D:9      | Identified the cursed +2 whip "Lacil" {vorpal, *Drain rElec
                  | Str+4} (You found it on level 9 of the Dungeon)
 11191 | D:9      | Found an opulent altar of Gozag.
 11193 | D:9      | Noticed Maurice
 11253 | D:9      | Killed Maurice
 11385 | D:9      | Bought a large steel ring for 110 gold pieces
 11443 | D:9      | Found a radiant altar of Vehumet.
 11443 | D:9      | Found an ancient bone altar of Kikubaaqudgha.
 11589 | D:9      | Found an iron altar of Okawaru.
 11589 | D:9      | Found a sacrificial altar of Ru.
 11605 | D:9      | Got a glittering tin ring
 11825 | D:9      | Noticed Joseph
 11843 | D:9      | Killed Joseph
 11844 | D:9      | Reached skill level 10 in Maces & Flails
 12205 | D:10     | Entered Level 10 of the Dungeon
 12222 | D:9      | Reached XP level 11. HP: 98/115 MP: 10/10
 13600 | D:10     | Killed from afar by a gargoyle

Illustrated notes

Levels and vault maps discovered:
D:1:      minmay_arrival_doors, layout_basic
D:2:      layout_loops_cross, general_overflow_altar, minmay_curled_crystal
D:3:      layout_basic, eat_drink_and_be_merry_uskayaw, portal_sewer_entry_f,
          chequers_ecumenical_altar_simple_redux
D:4:      layout_layer_cave, minmay_temple_entry_slanted, st_stairs_10,
          chequers_big_river, okawaru_ov_weapons_minmay
D:5:      layout_layer_cave, elyvilon_altar_5, nzn_hepliaklqana_mist_gate,
          grunt_ministairs_12, kennysheep_dice, uniq_edmund
D:6:      layout_basic, uniq_grinder
D:7:      layout_loops_ring
D:8:      layout_layer_cave, serial_ice, serial_ice_f, serial_ice_a,
          serial_ice_e, serial_ice_b, serial_ice_m, serial_ice_g, uniq_psyche,
          uniq_grum
D:9:      layout_big_octagon, grunt_temple_overflow_open,
          grunt_decor_one_mirror, grunt_gozag_statues, uniq_joseph,
          uniq_maurice, uniq_erica
D:10:     layout_roguey, serial_rivers, chequers_serial_rivers_room_a,
          chequers_serial_rivers_large_b, chequers_serial_rivers_micro_b,
          chequers_serial_rivers_micro_e, grunt_decor_resistance
Temple:   eino_temple_lava

Skill      XL: |  1  2  3  4  5  6  7  8  9 10 |
---------------+-------------------------------+-----
Maces & Flails | 3 4 5 6 7 8 10 | 10.3
Fighting       | 2 3 4 5 6 7 9 |  9.2
Dodging        | 3 |  3.3
Armour         | 2 4 6 |  6.9
Throwing       | |  1.7

Action                   |  1- 3 |  4- 6 |  7- 9 | 10-12 || total
-------------------------+-------+-------+-------+-------++-------
Melee: Flail             |    86 |       |       |       ||    86
       Dagger            |    62 |   266 |       |       ||   328
       Whip              |       |    47 |   539 |   617 ||  1203
       Spear             |       |       |   158 |       ||   158
Throw: Throwing net      |       |       |     2 |     1 ||     3
Invok: Call Merchant     |       |       |       |     2 ||     2
Evoke: Wand              |       |       |       |     3 ||     3
  Use: Scroll            |       |     2 |    13 |    11 ||    26
       Potion            |       |     1 |       |     4 ||     5
 Stab: Sleeping          |     2 |       |     3 |       ||     5
       Distracted        |       |       |     1 |     1 ||     2
Armor: Robe              |    62 |   125 |   135 |   114 ||   436
       Skin              |       |       |       |    34 ||    34
Dodge: Dodged            |    93 |   188 |   227 |   235 ||   743
